 Dungeon Crawl Stone Soup version 0.29.1-12-g30fa7ad0bf (webtiles) character file.

Game seed: 8613814346413938659

69 concernfroge the Trooper (level 4, 0/38 HPs)
             Began as a Mummy Monk on Dec 23, 2022.
             Slain by Jessica
             ... wielding a +2 dagger of electrocution
              (6 damage)
             ... on level 3 of the Dungeon.
             The game lasted 00:03:10 (2167 turns).

concernfroge the Trooper (Mummy Monk)               Turns: 2167, Time: 00:03:11

Health: 0/38       AC:  6    Str: 16    XL:     4   Next: 2%
Magic:  4/4        EV: 10    Int:  9    God:
Gold:   1          SH:  0    Dex: 14    Spells: 3/3 levels left

rFire   x . .      SeeInvis .   a - +0 spear
rCold   + + .      Faith    .   (no shield)
rNeg    + + +      Spirit   .   d - +0 scale mail
rPois   ∞          Reflect  .   (no helmet)
rElec   .          Harm     .   (no cloak)
rCorr   .          Rampage  .   (no gloves)
Will    .....                   (no boots)
Stlth   ..........              (no amulet)
HPRegen 0.12/turn               k - ring of protection from cold
MPRegen 0.09/turn               (no ring)

@: no status effects
A: cold resistance 1, negative energy resistance 3, torment resistance 2, heat
vulnerability 1, in touch with death 1, no potions
a: no special abilities


You were on level 3 of the Dungeon.
You visited 1 branch of the dungeon, and saw 3 of its levels.

You collected 145 gold pieces.
You spent 144 gold pieces at shops.

Inventory:

Hand Weapons
 a - a +0 spear (weapon)
Missiles
 g - 6 datura-tipped darts
 h - 14 stones (quivered)
Armour
 d - a +0 scale mail (worn)
Jewellery
 k - a ring of protection from cold (left hand)
Scrolls
 b - 3 scrolls of identify {unknown}
 c - 2 scrolls of butterflies {unknown}
 e - a scroll of vulnerability {unknown}
 f - a scroll of immolation {unknown}
 i - a scroll of teleportation {unknown}
 j - a scroll of blinking {unknown}


   Skills:
 + Level 4.9 Fighting
 - Level 2.4 Polearms
 - Level 2.4 Dodging
 - Level 1.5 Stealth


You had 3 spell levels left.
You didn't know any spells.
Your spell library was empty.

Dungeon Overview and Level Annotations

Branches:
Dungeon (3/15)

Altars:
Makhleb

Shops:
D:2 *

Annotations:
D:3 Jessica


Innate Abilities, Weirdness & Mutations

You are immune to poison.
Your flesh is cold resistant. (rC+)
You are immune to negative energy. (rN+++)
You are immune to unholy pain and torment.
You are vulnerable to heat. (rF-)
You are in touch with the powers of death.
You do not drink.


Message History

The ball python grabs you. The ball python constricts you.
You escape the ball python's grasp.
Jessica mumbles some strange words.
Jessica seems to speed up.
Jessica mumbles some strange words.
Jessica blinks!
The ball python attacks as you move away!
The ball python closely misses you. The ball python misses you.
You hit the ball python.
The ball python is moderately wounded.
The ball python bites you. The ball python closely misses you.
You hit the ball python.
You kill the ball python!
You have reached level 4!
You completely miss the frilled lizard. The frilled lizard bites you.
You closely miss the frilled lizard. The frilled lizard bites you.
You hit the frilled lizard.
You kill the frilled lizard!
Jessica barely misses you.
You hit Jessica.
Jessica is severely wounded.
Jessica hits you with a +2 dagger of electrocution.
You are electrocuted!
* * * LOW HITPOINT WARNING * * *
You are too injured to fight recklessly!
You are too injured to fight recklessly!
You closely miss Jessica.
Jessica is heavily wounded.
Jessica gestures wildly while chanting.
Jessica blinks!
Okay, then.
Reach: a) +0 spear
Press: ? - help, Dir - move target, f/p - Jessica
Aim: Jessica, wielding a +2 dagger of electrocution and wearing a +0 robe (heavily wounded, fast, about 36% to evade your +0 spear)
You reach to attack!
You hit Jessica but do no damage.
Jessica is heavily wounded.
You hit Jessica.
Jessica is almost dead.
Jessica hits you with a +2 dagger of electrocution.
You die...

#....#.....
#..........
##...#.#....
#...........
#.#..#.#....
#.#......!..
#.#.....##$.
#@#.#.......
#@#.#.)###.
#.#.#... #.#.#
... #.# #.#
#)############
#............#
############.#
###.#


You could see Jessica (fast).

Vanquished Creatures
  2 adders
  3 worms
  A dart slug (D:1)
  3 bats (D:1)
  5 endoplasms
  A giant cockroach (D:1)
  5 goblins
  2 hobgoblins
  3 kobolds
  A quokka (D:2)
  5 ball pythons
  4 frilled lizards
  3 rats (D:1)
38 creatures vanquished.

Notes
Turn   | Place    | Note
-------+----------+-------------------------------------------
     0 | D:1      | concernfroge the Mummy Monk began the quest for the Orb.
     0 | D:1      | Reached XP level 1. HP: 18/18 MP: 1/1
   335 | D:1      | Reached XP level 2. HP: 22/24 MP: 2/2
   394 | D:1      | Found Qatwuz's Assorted Antiques.
   509 | D:1      | Reached skill level 4 in Fighting
   822 | D:1      | Gained mutation: You are in touch with the powers of death.
                  | [Mummy growth]
   822 | D:1      | Reached XP level 3. HP: 30/30 MP: 3/3
  1318 | D:2      | Found a faded altar of an unknown god.
  1447 | D:2      | Found Zivon's Assorted Antiques.
  1687 | D:2      | Found a burning altar of Makhleb.
  1935 | D:2      | Bought a silver ring for 120 gold pieces
  1935 | D:2      | Bought a scroll labelled SEOBEQ WUAM for 24 gold pieces
  2140 | D:3      | Noticed Jessica
  2159 | D:3      | Reached XP level 4. HP: 27/38 MP: 4/4
  2167 | D:3      | Slain by Jessica

Illustrated notes

Levels and vault maps discovered:
D:1:      grunt_arrival_crossed_arrows, layout_loops_ring, serial_shops, shop,
          nicolae_wormholes
D:2:      layout_loops_cross, serial_shops, nicolae_diamond_shop,
          ebering_ecumenical_altar_ruins, basic_altar
D:3:      layout_basic, nicolae_yredelemnul_ghost_church, tso_metal_star,
          serial_glass, glass_columns_a, glass_columns_a,
          minmay_strange_pillars, minmay_strange_pillars, feat_on_display,
          grunt_ministairs_4, uniq_natasha, uniq_terence, uniq_grinder,
          uniq_jessica

Skill      XL: |  1  2 |
---------------+-------+-----
Fighting       | 4 |  4.9
Polearms       | |  2.4
Dodging        | |  2.4
Stealth        | |  1.5

Action                   |  1- 3 |  4- 6 || total
-------------------------+-------+-------++-------
Melee: Spear             |   166 |     7 ||   173
       Punch             |     2 |       ||     2
Throw: Stone             |     1 |       ||     1
 Stab: Sleeping          |     4 |       ||     4
Armor: Robe              |     6 |       ||     6
       Scale mail        |    39 |       ||    39
Dodge: Dodged            |    66 |     1 ||    67
